 Dungeon Crawl Stone Soup version 0.25-a0-697-g890751e (webtiles) character file.

Game seed: 12921863529953687128, levelgen mode: deterministic

11487 Faels the Slicer (level 11, -11/95 HPs)
             Began as a Minotaur Assassin on Apr 1, 2020.
             Was a High Priest of Okawaru.
             Mangled by a hornet (12 damage)
             ... on level 9 of the Dungeon.
             The game lasted 00:38:27 (12086 turns).

Faels the Slicer (Minotaur Assassin)               Turns: 12086, Time: 00:38:27

Health: -11/95     AC: 16    Str: 12 (15) XL:     11   Next: 50%
Magic:  10/10      EV: 15    Int:  6 (8)  God:    Okawaru [*****.]
Gold:   622        SH:  8    Dex: 15 (16) Spells: 10/10 levels left

rFire    + . .     SeeInvis .   O - +1 dagger (protect)
rCold    . . .     Gourm    .   j - +3 buckler
rNeg     . . .     Faith    .   v - +0 ring mail
rPois    .         Spirit   .   (helmet restricted)
rElec    .         Reflect  .   F - scarf {repulsion}
rCorr    .         Harm     .   (no gloves)
MR       +....                  C - +1 pair of boots
Stlth    +++.......             G - amulet of regeneration
HPRegen  0.65/turn              r - ring of protection from fire
MPRegen  0.12/turn              y - ring of protection from magic

@: mighty, lethally poisoned (-11 -> -24), protection aura, slowed, repel
missiles, very slow
A: retaliatory headbutt, horns 2
a: Heroism, Finesse, Renounce Religion


You were on level 9 of the Dungeon.
You worshipped Okawaru.
Okawaru was extremely pleased with you.
You were not hungry.

You visited 2 branches of the dungeon, and saw 11 of its levels.

You collected 622 gold pieces.

Inventory:

Hand Weapons
 a - a +2 dagger
 l - a +0 hand axe of electrocution
 x - a +0 falchion
 z - a +0 hand axe of electrocution
 B - a +0 rapier
 E - the +6 battleaxe of Jasacojo {freeze, rElec rC+ Str+3, unknown}
   (You found it on level 10 of the Dungeon)

   It has been specially enchanted to freeze those struck by it, causing extra
   injury to most foes and up to half again as much damage against particularly
   susceptible opponents.
   It can also slow down cold-blooded creatures.
   It affects your strength (+3).
   It protects you from cold.
   It insulates you from electricity.
 O - a +1 dagger of protection (weapon)
Missiles
 d - 22 poisoned darts (quivered)
 i - 2 javelins
 A - 7 boomerangs
 D - 3 throwing nets
 P - 6 atropa-tipped darts
Armour
 b - a +0 robe
 c - a +0 cloak
 j - a +3 buckler (worn)
 k - a scarf of spirit shield
 n - a +0 leather armour
 t - a +0 tower shield
 v - a +0 ring mail (worn)
 C - a +1 pair of boots (worn)
 F - a scarf of repulsion (worn)
Jewellery
 r - a ring of protection from fire (left hand)
 y - a ring of protection from magic (right hand)
 G - an amulet of regeneration (around neck)
 Q - an uncursed ring of positive energy
Wands
 e - a wand of clouds (3)
 H - a wand of iceblast (8)
 I - a wand of disintegration (3)
 M - a wand of enslavement (8)
Scrolls
 g - 9 scrolls of teleportation
 h - 2 scrolls of random uselessness
 m - a scroll of brand weapon {unknown}
 p - 4 scrolls of amnesia
 q - 4 scrolls of enchant weapon
 s - 7 scrolls of remove curse
 L - a scroll of identify
Potions
 o - a potion of heal wounds
 u - 3 potions of lignification
 K - 3 potions of flight
Comestibles
 f - 15 rations
 J - 2 chunks of flesh


   Skills:
 + Level 8.7 Fighting
 - Level 10.0 Short Blades
 + Level 7.3 Throwing
 + Level 8.2 Armour
 + Level 7.8 Dodging
 + Level 7.2 Stealth
 - Level 4.4 Shields


You had 10 spell levels left.
You didn't know any spells.
Your spell library contained the following spells:

 Spells                   Type           Power        Failure   Level  Hunger
 Freeze                   Ice            #...         69%         1    ##.....
 Frozen Ramparts          Ice            #.....       96%         3    ####...
 Ozocubu's Armour         Chrm/Ice       #.......     96%         3    ####...
 Hailstorm                Conj/Ice       #.......     100%        4    #####..
 Summon Ice Beast         Ice/Summ       #.......     100%        4    #####..


Dungeon Overview and Level Annotations

Branches:
Dungeon (10/15)            Temple (1/1) D:6            Lair (0/6) D:8
    Orc: D:9-12

Altars:
Ashenzari
Cheibriados
Dithmenos
Elyvilon
Fedhas
Gozag
Hepliaklqana
Kikubaaqudgha
Makhleb
Nemelex Xobeh
Okawaru
Qazlal
Ru
Sif Muna
Trog
Uskayaw
Vehumet
Wu Jian
Xom
Yredelemnul
Zin
The Shining One

Annotations:
D:9 2 transporters, Remcycle's ghost, novice DsFi


Innate Abilities, Weirdness & Mutations

You reflexively headbutt those who attack you in melee.
You have a pair of horns on your head.


Message History

You are more poisoned.
You feel as though you will be slow longer.
You block the hornet's attack.
It was a potion of might.
You feel very mighty all of a sudden.
* * * LOW HITPOINT WARNING * * *
You feel very sick. You block the hornet's attack. The hornet misses you.
The hornet stings you but does no damage.
You hit the hornet but do no damage.
Your weapon exudes an aura of protection.
The hornet is almost dead.
* * * LOW HITPOINT WARNING * * *
You feel sick.
The hornet stings you but does no damage.
You miss the hornet.
The hornet is almost dead.
* * * LOW HITPOINT WARNING * * *
You feel sick. The hornet stings you!
You die...

#..#.##.....# ##.###..
#..#.######### #)##..#
#..#.........## #.###.#
#..##.........# #..####
#..##.........###...###
#..##..................
#..#...........##....#.
#..#...........#...#.#.
#..#.†@........#.<.#.#.
#..#..y.......##...#(#.
####..#(......[..##...#...
#.....#..........##...###.
##..#.#..........##.......
##....#.##.#.......#.#####
#..........#.#####.#......
##.####.####.#...#.######.
#.......# #.#............


You could see a hornet.

Vanquished Creatures
  Erolcha (D:9)
  Harold (D:9)
  A two-headed ogre (D:9)
  Pikel (D:9)
  A hornet (D:9)
  Grinder (D:4)
  Prince Ribbit (D:9)
  2 hippogriffs (D:9)
  12 yaks (D:9)
  A steam dragon (D:8)
  4 sky beasts
  An ice beast (D:9)
  3 slaves (D:9)
  A black bear (D:9)
  3 orc warriors
  An eye of draining (D:8)
  7 ogres
  A phantom (D:6)
  4 centaurs
  A crocodile (D:8)
  A big kobold (D:8)
  2 bullfrogs
  3 scorpions
  49 killer bees
  7 howler monkeys
  4 crimson imps
  2 bullfrog zombies
  5 jellies
  4 hounds
  4 orc priests
  2 centaur skeletons
  9 orc wizards
  2 bullfrog skeletons
  Ijyb (D:3)
  10 worker ants
  3 hound skeletons
  10 adders
  A shadow imp (D:8)
  3 oozes
  An adder skeleton (D:4)
  3 worms
  4 dart slugs
  11 leopard geckos
  26 orcs
  4 giant cockroaches
  8 goblins
  9 hobgoblins
  8 jackals
  7 quokkas
  A ball python zombie (D:5)
  9 bats
  4 frilled lizards
  14 kobolds
  2 leopard gecko skeletons
  A leopard gecko zombie (D:6)
  A quokka skeleton (D:2)
  A quokka zombie (D:8)
  7 rats
291 creatures vanquished.

Vanquished Creatures (others)
  A centaur skeleton (D:9)
  A quokka (D:9)
2 creatures vanquished.

Grand Total: 293 creatures vanquished

Notes
Turn   | Place    | Note
-------+----------+-------------------------------------------
     0 | D:1      | Faels the Minotaur Assassin began the quest for the Orb.
     0 | D:1      | Reached XP level 1. HP: 18/18 MP: 0/0
   151 | D:1      | Reached skill level 1 in Shields
   151 | D:1      | Reached XP level 2. HP: 22/25 MP: 1/1
   332 | D:1      | Reached skill level 3 in Short Blades
   341 | D:1      | Reached XP level 3. HP: 24/30 MP: 2/2
   912 | D:2      | Found a transporter,
   912 | D:2      | Found an ancient bone altar of Kikubaaqudgha,
   927 | D:2      | Found a transporter,
  1831 | D:3      | Reached XP level 4. HP: 33/37 MP: 3/3
  1901 | D:3      | Noticed Ijyb
  1915 | D:3      | Killed Ijyb
  2320 | D:3      | Reached skill level 4 in Short Blades
  2488 | D:3      | Reached XP level 5. HP: 40/42 MP: 4/4
  2949 | D:4      | Noticed an ogre
  2957 | D:4      | Killed an ogre
  2980 | D:4      | Reached skill level 5 in Short Blades
  3004 | D:4      | Reached XP level 6. HP: 48/50 MP: 5/5
  3049 | D:4      | Noticed Grinder
  3099 | D:4      | Paralysed by Grinder for 6 turns
  3115 | D:4      | Paralysed by Grinder for 6 turns
  3125 | D:4      | Killed Grinder
  3125 | D:4      | Reached skill level 6 in Short Blades
  3607 | D:4      | Found a shimmering blue altar of Sif Muna,
  3613 | D:4      | Reached skill level 7 in Short Blades
  3613 | D:4      | Reached XP level 7. HP: 56/56 MP: 6/6
  3615 | D:4      | Found a basalt altar of Yredelemnul,
  4166 | D:4      | Found a snail-covered altar of Cheibriados,
  4541 | D:5      | Entered Level 5 of the Dungeon
  4541 | D:5      | Found a hazy altar of Hepliaklqana,
  4589 | D:5      | Reached skill level 8 in Short Blades
  5052 | D:5      | Reached skill level 9 in Short Blades
  5218 | D:5      | Reached XP level 8. HP: 62/62 MP: 7/7
  5732 | D:6      | Found a shadowy altar of Dithmenos,
  5740 | D:6      | Reached skill level 10 in Short Blades
  5823 | D:6      | Reached skill level 1 in Armour
  6564 | D:6      | Found a staircase to the Ecumenical Temple,
  6586 | Temple   | Entered the Ecumenical Temple
  6595 | Temple   | Became a worshipper of Warmaster Okawaru
  7180 | D:7      | Found a hide-covered altar of Uskayaw,
  7416 | D:7      | Reached XP level 9. HP: 71/71 MP: 8/8
  7591 | D:7      | Reached * piety under Okawaru
  8239 | D:8      | Reached skill level 5 in Fighting
  8247 | D:8      | Found a staircase to the Lair,
  8473 | D:8      | Reached ** piety under Okawaru
  8473 | D:8      | Reached skill level 5 in Stealth
  8628 | D:8      | Found a sparkling altar of Nemelex Xobeh,
  8731 | D:8      | Reached skill level 5 in Armour
  8800 | D:9      | Reached skill level 5 in Dodging
  8945 | D:9      | Found a transporter,
  8951 | D:9      | Found a transporter,
  8951 | D:9      | Noticed a queen bee
  8952 | D:9      | Noticed Remcycle's ghost (novice DsFi)
  9022 | D:9      | Reached skill level 5 in Throwing
  9039 | D:9      | Reached XP level 10. HP: 72/83 MP: 6/9
  9065 | D:9      | Noticed Harold
  9150 | D:9      | Killed Harold
  9150 | D:9      | Reached *** piety under Okawaru
  9175 | D:9      | Noticed Pikel
  9209 | D:9      | Paralysed by a hornet for 3 turns
  9436 | D:9      | Noticed Erolcha
  9501 | D:9      | Noticed Maurice
  9507 | D:9      | Killed Erolcha
  9565 | D:9      | Reached **** piety under Okawaru
  9758 | D:9      | Noticed Maurice
  9758 | D:9      | Maurice changed into Maurice the worm
  9763 | D:9      | Killed Maurice the worm
  9825 | D:9      | Received a gift from Okawaru
 10006 | D:9      | Paralysed by a hornet for 1 turns
 10032 | D:9      | Paralysed by a hornet for 3 turns
 10053 | D:9      | Reached XP level 11. HP: 34/94 MP: 10/10
 10458 | D:9      | Noticed a two-headed ogre
 10475 | D:9      | Killed a two-headed ogre
 10520 | D:9      | Reached ***** piety under Okawaru
 10650 | D:9      | Paralysed by a hornet for 2 turns
 11144 | D:9      | Killed Pikel
 11144 | D:9      | Received a gift from Okawaru
 11186 | D:9      | Noticed Prince Ribbit
 11201 | D:9      | Killed Prince Ribbit
 11267 | D:9      | Found a white marble altar of Elyvilon,
 11566 | D:10     | Entered Level 10 of the Dungeon
 11569 | D:10     | Noticed a two-headed ogre
 11998 | D:10     | Got a jewelled battleaxe
 12070 | D:9      | Paralysed by a hornet for 2 turns
 12079 | D:9      | Paralysed by a hornet for 3 turns
 12084 | D:9      | HP: 4/95 [poisoned by a hornet]
 12086 | D:9      | HP: 1/95 [poisoned by a hornet]
 12086 | D:9      | Mangled by a hornet

Levels and vault maps discovered:
D:1:      kilobyte_arrival_exit_the_forest, layout_rooms
D:2:      layout_loops_corners, gammafunk_temple_overflow_arena
D:3:      layout_loops_ring, first_ration, uniq_ijyb
D:4:      layout_layer_cave, cheibriados_altar_1,
          chequers_temple_overflow_statue_of_worship,
          corexii_item_surrounded_by_moat, kennysheep_generic_room_14,
          uniq_grinder
D:5:      layout_rooms, basic_altar, guppyfry_early_lair_pool
D:6:      layout_loops_ring, temple_green, nicolae_dithmenos_the_darkroom
D:7:      layout_loops_ring, lemuel_round_altar
D:8:      layout_basic, marbit_many_paths, dpeg_oklobed_lair
D:9:      wad_woods_minihive, layout_basic, elyvilon_altar_4,
          gammafunk_ghost_hive, uniq_harold, uniq_erolcha, uniq_maurice,
          uniq_pikel, uniq_prince_ribbit1
D:10:     layout_small_grid, serial_shops, nicolae_shop_statue_plus,
          hangedman_little_slice_of_home
Temple:   nicolae_temple_no_exploring_needed

Skill      XL: |  1  2  3  4  5  6  7  8  9 10 11 |
---------------+----------------------------------+-----
Shields        | 1 2 3 4 |  4.4
Short Blades   | 3 4 5 7 9 10 | 10.0
Armour         | 3 5 7 8 |  8.2
Fighting       | 4 6 7 8 |  8.7
Dodging        | 3 5 6 7 |  7.8
Throwing       | 3 5 6 7 |  7.3
Stealth        | 4 5 6 7 |  7.2

Action                   |  1- 3 |  4- 6 |  7- 9 | 10-12 || total
-------------------------+-------+-------+-------+-------++-------
Melee: Dagger            |    97 |    95 |   669 |   899 ||  1760
       Headbutt          |    18 |    23 |   150 |   187 ||   378
Throw: Dart              |       |    14 |    32 |    22 ||    68
       Throwing net      |       |       |       |     1 ||     1
Invok: Heroism           |       |       |     4 |     9 ||    13
Evoke: Wand              |       |       |       |     4 ||     4
  Use: Scroll            |     5 |       |     8 |     7 ||    20
       Potion            |       |     1 |     1 |     7 ||     9
 Stab: Sleeping          |     4 |     1 |    11 |       ||    16
       Held in net/web   |       |       |       |     1 ||     1
       Distracted        |       |       |       |     1 ||     1
  Eat: Chunk             |     3 |     5 |    14 |     7 ||    29
       Ration            |       |       |     1 |     1 ||     2
Armor: Robe              |     3 |       |       |       ||     3
       Leather armour    |    16 |     1 |       |       ||    17
       Ring mail         |       |    20 |    87 |   159 ||   266
Dodge: Dodged            |    32 |    25 |   161 |   381 ||   599
       Deflected         |       |       |     2 |     1 ||     3
Block: Buckler           |    23 |    22 |   136 |   281 ||   462

Table legend:
 A = Non-vault XP
 B = Vault XP
 C = Vault XP percentage of total XP
 D = Non-vault monster count
 E = Vault monster count
 F = Vault count percentage of total count
                 A         B        C        D         E       F
            +---------+---------+-------+---------+---------+-------
      Total |   10063 |    6347 |  38.7 |     225 |      63 |  21.9
            +---------+---------+-------+---------+---------+-------
        D:1 |      63 |       0 |   0.0 |      27 |       0 |   0.0
        D:2 |      20 |      39 |  66.1 |      10 |       4 |  28.6
        D:3 |      89 |      36 |  28.8 |      29 |       1 |   3.3
        D:4 |     356 |     309 |  46.5 |      19 |       3 |  13.6
        D:5 |     620 |      26 |   4.0 |      23 |       2 |   8.0
        D:6 |     692 |       0 |   0.0 |      21 |       0 |   0.0
        D:7 |     836 |       0 |   0.0 |      24 |       0 |   0.0
        D:8 |    1870 |     440 |  19.0 |      33 |       7 |  17.5
        D:9 |    5402 |    5497 |  50.4 |      36 |      46 |  56.1
       D:10 |     115 |       0 |   0.0 |       3 |       0 |   0.0
            +---------+---------+-------+---------+---------+-------
